 Dungeon Crawl Stone Soup version 0.25-a0-55-g0753fd1ad2 (webtiles) character file.

Game seed: 17389855197824018735, levelgen mode: deterministic

35 Arixos the Skirmisher (level 3, 0/20 HPs)
             Began as a Vine Stalker Monk on Oct 25, 2019.
             Succumbed to an adder's poison
             ... on level 1 of the Dungeon.
             The game lasted 00:02:15 (1259 turns).

Arixos the Skirmisher (Vine Stalker Monk)           Turns: 1259, Time: 00:02:16

Health: 0/20       AC:  2    Str: 14    XL:     3   Next: 33%
Magic:  4/4        EV: 13    Int: 10    God:
Gold:   7          SH:  0    Dex: 16    Spells: 2/2 levels left

rFire    . . .     SeeInvis .   a - +0 falchion
rCold    . . .     Gourm    .   (no shield)
rNeg     . . .     Faith    .   b - +0 robe
rPois    .         Spirit   +   (no helmet)
rElec    .         Reflect  .   (no cloak)
rCorr    .         Harm     .   (no gloves)
MR       .....                  (no boots)
Stlth    ++........             (no amulet)
HPRegen  0.06/turn              (no ring)
MPRegen  0.09/turn              (no ring)

@: lethally poisoned (0 -> -2), hasted, very quick
A: fangs 2, magic shield, antimagic bite, no potion heal 3, rot immunity
a: no special abilities


You were on level 1 of the Dungeon.
You were not hungry.

You visited 1 branch of the dungeon, and saw 2 of its levels.

You collected 7 gold pieces.

Inventory:

Hand Weapons
 a - a +0 falchion (weapon)
Missiles
 f - 10 poisoned darts (quivered)
Armour
 b - a +0 robe (worn)
Scrolls
 d - 3 scrolls of identify {unknown}
 i - 2 scrolls of amnesia {unknown}
 j - a scroll of random uselessness {unknown}
Comestibles
 c - a ration


   Skills:
 + Level 3.0 Fighting
 + Level 3.0 Long Blades
 + Level 1.0 Armour
 + Level 2.7 Dodging
 - Level 2.4 Stealth


You had 2 spell levels left.
You didn't know any spells.
Your spell library was empty.

Dungeon Overview and Level Annotations

Branches:
Dungeon (2/15)

Altars:


Innate Abilities, Weirdness & Mutations

You have extremely sharp teeth.
When hurt, damage is shared between your health and your magic reserves.
Your bite disrupts and absorbs the magic of your enemies.
Potions cannot restore your health.
You are immune to rotting.


Message History

You kill the adder!
Your Armour skill increases to level 1!
You feel sick. The hobgoblin hits you.
* * * LOW HITPOINT WARNING * * *
You closely miss the hobgoblin. Your bite misses the hobgoblin.
The hobgoblin hits you.
* * * LOW HITPOINT WARNING * * *
It was a potion of haste.
You feel yourself speed up. The hobgoblin barely misses you.
You riposte.
You hit the hobgoblin but do no damage.
It was a potion of magic.
Magic courses through your body. The hobgoblin misses you.
You riposte.
You hit the hobgoblin.
You kill the hobgoblin!
Okay, then.
There is a lethal amount of poison in your body!
* * * LOW HITPOINT WARNING * * *
You feel sick.
You see here a hobgoblin corpse.
You butcher the hobgoblin corpse.
You die...

#.#.###.# #...#♣♣.♣♣### #.#.....#
#..## ♣.♣ #.#####.# #..# #.## #.#
#.# #..# #..##########
#.#####.#######..#####.#.......).
...................(...#.########
.#^.......#####..#####.#.#######
#.#####.......)......#.).......#
#.# ##..(#####.@###.###.#####.##
#.# #.........>.# #.# #.........
### ##'#########.# #.# ###.....##
## ♣♣..≈# #.# #.# #.#####
.#♣♣...≈########.# #.# #.#
÷#♣...≈≈#........# #.# #.#
.#♣...≈≈########## #.# #.#
##...≈≈≈# #.# #.# #..≈≈≈≈# #.#
#.#


There were no monsters in sight!

Vanquished Creatures
  An adder (D:1)
  A dart slug (D:1)
  3 bats (D:1)
  A giant cockroach (D:1)
  3 hobgoblins (D:1)
  4 jackals (D:1)
  2 kobolds (D:1)
  3 goblins (D:1)
  4 rats (D:1)
22 creatures vanquished.

Notes
Turn   | Place    | Note
-------+----------+-------------------------------------------
     0 | D:1      | Arixos the Vine Stalker Monk began the quest for the Orb.
     0 | D:1      | Reached XP level 1. HP: 11/11 MP: 2/2
   150 | D:1      | Reached XP level 2. HP: 10/16 MP: 3/3
   868 | D:1      | Reached XP level 3. HP: 13/20 MP: 2/4
  1248 | D:1      | Reached skill level 1 in Armour
  1249 | D:1      | HP: 1/20 [hobgoblin (2)]
  1259 | D:1      | Succumbed to an adder's poison

Levels and vault maps discovered:
D:1:      tarquinn_simple_flora_water_c, layout_loops_ring,
          minmay_tree_intersection, minmay_misc_feat_cross
D:2:      layout_basic, old_standard_altar, minmay_rat_hole, uniq_robin,
          uniq_crazy_yiuf_cottage

Table legend:
 A = Non-vault XP
 B = Vault XP
 C = Vault XP percentage of total XP
 D = Non-vault monster count
 E = Vault monster count
 F = Vault count percentage of total count
                 A         B        C        D         E       F
            +---------+---------+-------+---------+---------+-------
      Total |      50 |       0 |   0.0 |      22 |       0 |   0.0
            +---------+---------+-------+---------+---------+-------
        D:1 |      50 |       0 |   0.0 |      22 |       0 |   0.0
            +---------+---------+-------+---------+---------+-------
